 Dungeon Crawl Stone Soup version 0.28-a0-429-g1448048969 (webtiles) character file.

Game seed: 3916045042054185690

128027 dolemite99 the Cardsharp (level 16, 0/127 HPs)
             Began as a Demonspawn Fighter on Sept 12, 2021.
             Was a High Priest of Nemelex Xobeh.
             Constricted to death by an anaconda (2 damage)
             ... on level 1 of the Snake Pit.
             The game lasted 01:10:05 (51207 turns).

dolemite99 the Cardsharp (Demonspawn Fighter)      Turns: 51207, Time: 01:10:06

Health: 0/127      AC: 27    Str: 22    XL:     16   Next: 47%
Magic:  29/29      EV:  5    Int: 15    God:    Nemelex Xobeh [*****.]
Gold:   241        SH:  0    Dex: 12    Spells: 15/15 levels left

rFire   + . .      SeeInvis .   a - +3 scimitar (flame)
rCold   . . .      Faith    .   (no shield)
rNeg    . . .      Spirit   .   B - +2 chain mail {Will+}
rPois   .          Reflect  .   v - +2 helmet {Int+3}
rElec   +          Harm     .   z - scarf {repulsion}
rCorr   .          Rampage  .   (gloves unavailable)
Will    +++..                   y - +0 pair of boots {Fly}
Stlth   ..........              (no amulet)
HPRegen 0.31/turn               N - ring of protection from fire
MPRegen 0.21/turn               d - +4 ring of protection {=R}

@: flying, constricted, repel missiles
A: claws 3, thin metallic scales 3, foul stench 1, powered by death 2, torment
resistance 1, demonic willpower
a: Renounce Religion, Draw Escape, Draw Destruction, Draw Summoning, Triple
Draw, Deal Four, Stack Five


You were on level 1 of the Snake Pit.
You worshipped Nemelex Xobeh.
Nemelex Xobeh was extremely pleased with you.
You visited 5 branches of the dungeon, and saw 26 of its levels.

You collected 2028 gold pieces.
You spent 1787 gold pieces at shops.

Inventory:

Hand Weapons
 a - a +3 scimitar of flaming (weapon)
 b - a +3 shortbow of flaming
 e - the +0 hunting sling of Dissent {flame, Dex+4}
   (You bought it in a shop on level 2 of the Orcish Mines)

   Any ammunition fired from it burns those it strikes, dealing additional fire
   damage.
   Dex:       It affects your dexterity (+4).
 i - a +3 great sword of holy wrath
 m - a +2 dagger of electrocution
 w - a +2 scimitar of flaming
 D - a +3 longbow of flaming
 M - a +1 shortbow of freezing
 P - the +7 dagger "Muegoy" {elec, *Slow Str+7 Dex+2}
   (You found it on level 4 of the Lair of Beasts)

   It occasionally discharges a powerful burst of electricity upon striking a
   foe.
   Str:       It affects your strength (+7).
   Dex:       It affects your dexterity (+2).
   *Slow:     It may slow you when you take damage.
Missiles
 h - 1025 stones
 n - 21 boomerangs (quivered)
 s - 48 poisoned darts
 u - 686 arrows
 O - a curare-tipped dart
 R - a throwing net
Armour
 f - a +0 cloak
 q - a +0 kite shield
 v - a +2 helmet of intelligence (worn)
 x - a +2 chain mail of cold resistance
 y - a +0 pair of boots of flying (worn)
 z - a scarf of repulsion (worn)
 B - a +2 chain mail of willpower (worn)
 G - a +1 chain mail of fire resistance
Jewellery
 d - a +4 ring of protection (right claw) {=R}
 r - a ring of positive energy
 E - a +6 ring of strength
 F - a ring of resist corrosion
 N - a ring of protection from fire (left claw)
Wands
 J - a wand of polymorph (5)
 S - a wand of mindburst (18)
Scrolls
 c - 2 scrolls of enchant armour
 g - 3 scrolls of blinking
 j - a scroll of fog
 l - 6 scrolls of teleportation
 p - 8 scrolls of identify {@r1}
 t - 2 scrolls of amnesia
 Q - 2 scrolls of magic mapping
Potions
 k - 2 potions of flight
 o - 6 potions of attraction
 A - 2 potions of brilliance
 C - 2 potions of haste
 H - a potion of ambrosia
 I - 3 potions of magic
 K - 2 potions of lignification
 L - 5 potions of berserk rage
 T - 2 potions of curing
 U - 2 potions of might


   Skills:
 - Level 12.2 Fighting
 - Level 3.4(8.6) Short Blades
 - Level 12.0(12.2) Long Blades
 + Level 7.8 Bows
 - Level 6.1 Throwing
 - Level 11.4 Armour
 - Level 2.6 Shields
 - Level 18.1 Invocations
 - Level 11.3 Evocations


You had 15 spell levels left.
You didn't know any spells.
Your spell library contained the following spells:

 Spells                   Type           Power      Damage    Failure   Level
 Pain                     Necr           0%         1d4       83%         1
 Shock                    Conj/Air       0%         1d3       83%         1
 Static Discharge         Conj/Air       0%         N/A       92%         2
 Conjure Flame            Conj/Fire      0%         6-21      99%         3
 Dazzling Flash           Conj/Hex       0%         N/A       99%         3
 Frozen Ramparts          Ice            0%         1d2       99%         3
 Ignite Poison            Fire/Tmut/Pois 0%         N/A       99%         3
 Ozocubu's Armour         Ice            0%         N/A       99%         3
 Portal Projectile        Hex/Tloc       0%         N/A       99%         3
 Stone Arrow              Conj/Erth      0%         3d7       99%         3
 Airstrike                Air            0%         N/A       100%        4
 Animate Armour           Summ/Erth      0%         N/A       100%        4
 Animate Dead             Necr           0%         N/A       100%        4
 Dispel Undead            Necr           0%         3d6       100%        4
 Fulminant Prism          Conj/Hex       0%         3d6       100%        4
 Ice Form                 Ice/Tmut       0%         N/A       100%        4
 Iskenderun's Mystic Bla  Conj/Tloc      0%         2d3       100%        4
 Olgreb's Toxic Radiance  Pois           0%         N/A       100%        4
 Petrify                  Tmut/Erth      0%         N/A       100%        4
 Sticky Flame             Conj/Fire      0%         2d3       100%        4
 Summon Ice Beast         Ice/Summ       0%         N/A       100%        4
 Summon Lightning Spire   Summ/Air       0%         N/A       100%        4
 Agony                    Necr           0%         N/A       100%        5
 Blade Hands              Tmut           0%         N/A       100%        5
 Excruciating Wounds      Necr           0%         N/A       100%        5
 Lee's Rapid Deconstruct  Erth           0%         3d5*      100%        5
 Lightning Bolt           Conj/Air       0%         1d11      100%        5
 Metabolic Englaciation   Hex/Ice        0%         N/A       100%        5
 Silence                  Hex/Air        0%         N/A       100%        5
 Summon Forest            Summ/Tloc      0%         N/A       100%        5
 Summon Mana Viper        Hex/Summ       0%         N/A       100%        5
 Starburst                Conj/Fire      0%         6d3       100%        6
 Statue Form              Tmut/Erth      0%         N/A       100%        6
 Summon Cactus Giant      Summ           0%         N/A       100%        6
 Haunt                    Necr/Summ      0%         N/A       100%        7
 Ozocubu's Refrigeration  Ice            0%         4d5       100%        7
 Storm Form               Tmut/Air       0%         N/A       100%        7
 Discord                  Hex            0%         N/A       100%        8
 Ignition                 Fire           0%         3d3       100%        8
 Infestation              Necr           0%         N/A       100%        8
 Lehudib's Crystal Spear  Conj/Erth      0%         10d2      100%        8
 Maxwell's Capacitive Co  Air            0%         ∞         100%        8


Dungeon Overview and Level Annotations

Branches:
Dungeon (15/15)              Lair (6/6) D:9          Shoals (2/4) Lair:2
  Snake (1/4) Lair:3        Slime (0/5) Lair:5          Orc (2/2) D:10
    Elf (0/3) Orc:2        Vaults (0/5) D:14         Depths (0/5) D:15
 Temple: D:4-7

Altars:
Ashenzari
Hepliaklqana
Kikubaaqudgha
Makhleb
Nemelex Xobeh
Qazlal
Sif Muna
Trog
Wu Jian
Zin
Jiyva

Shops:
D:14 [   Orc:2 (*:([   Shoals:1 ?   Shoals:2 (

Annotations:
Lair:1 3 runed translucent doors, SkeletonJelly's ghost, journeyman DrCA
Lair:5 exclusion: downstairs
Lair:6 exclusion: 2 oklob plants
Shoals:1 exclusion: downstairs, Aizul
Shoals:2 Nikola


Innate Abilities, Weirdness & Mutations

You have claws for hands.
You are completely covered in thin metallic scales. (AC +4, rElec)
You may rarely emit foul miasma when damaged in melee.
You regenerate health from kills.
You are resistant to unholy torment.
You punish those that try to bend your will. (Will+)


Message History

The anaconda constricts you.
You hit the anaconda. You burn the anaconda.
The anaconda is severely wounded.
The anaconda barely misses you. The anaconda constricts you.
You hit the anaconda. You burn the anaconda.
The anaconda is severely wounded.
The anaconda bites you! The anaconda constricts you. The anaconda bites you!
The anaconda constricts you.
You hit the anaconda but do no damage.
The anaconda is severely wounded.
The anaconda bites you! The anaconda constricts you.
You escape the anaconda's grasp.
The anaconda grabs you.
The anaconda bites you but does no damage.
The anaconda constricts you.
You closely miss the anaconda.
The anaconda is severely wounded.
The anaconda bites you!
* * * LOW HITPOINT WARNING * * *
The anaconda constricts you. The anaconda barely misses you.
The anaconda constricts you.
The anaconda's grasp on you weakens, but your attempt to escape fails.
The anaconda bites you but does no damage.
The anaconda constricts you.
You closely miss the anaconda.
The anaconda is severely wounded.
The anaconda bites you!
* * * LOW HITPOINT WARNING * * *
The anaconda constricts you. The anaconda bites you!
* * * LOW HITPOINT WARNING * * *
The anaconda constricts you.
* * * LOW HITPOINT WARNING * * *
You escape the anaconda's grasp.
You draw a card...
You have drawn Exile.
The anaconda grabs you.
The anaconda bites you but does no damage.
The anaconda constricts you. The anaconda bites you.
* * * LOW HITPOINT WARNING * * *
The anaconda constricts you.
You die...
Your body glows with a rainbow of weird colours and disappears.

####..#######...#....##
##....##
#..........#...###....##
##....# .............###
##....# ##...#
......#........#
##..#### #...#
..####..####....#
##..#.# ##).# .## #^.#
##...## ##...# #...# ##
#..# #...### #...# #...#
# .... #....# #...#
#...# ...... #@..#
#...###...# ........
#S..# ##........#
.......... #...#
#.........#
............. #...#
#...###...# .....
#...###...# #.### #....
#.........# ### ...
#.........# ..
#..(###...# . #..(#
#...#


You could see an anaconda.

Vanquished Creatures
  2 quicksilver oozes
  A dire elephant (D:15)
  A great orb of eyes (Shoals:2)
  4 naga warriors (Snake:1)
  13 hydras
  A merfolk avatar (Shoals:2)
  3 boulder beetles
  A merfolk aquamancer (Shoals:1)
  A death knight (D:14)
  6 centaur warriors
  7 two-headed ogres
  An anaconda (Snake:1)
  3 tengu warriors
  A goliath frog (Shoals:2)
  3 skeletal warriors (D:12)
  A lindwurm (Shoals:2)
  An orb spider (Lair:3)
  2 mana vipers (Snake:1)
  2 deep elf pyromancers (D:15)
  An orc knight (Orc:2)
  A harpy (Lair:3)
  5 manticores
  2 orc sorcerers (Orc:1)
  2 shining eyes (Shoals:2)
  24 ugly things
  6 fauns
  2 cyclopes (D:13)
  A salamander (Snake:1)
  A moth of wrath (Lair:3)
  4 elephants
  Maurice (D:13)
  2 merfolk sirens (Shoals:1)
  5 centaur zombies
  A naga mage (Snake:1)
  9 black mambas
  2 water nymphs
  3 unseen horrors
  16 cane toads
  3 rime drakes
  11 komodo dragons
  2 efreet
  2 tengu conjurers
  3 trolls
  7 merfolk
  A wind drake (Shoals:1)
  A polar bear (Lair:2)
  3 tyrant leeches (Lair:6)
  2 snapping turtles (Shoals:1)
  7 dream sheep
  16 blink frogs
  4 slime creatures
  A vampire (D:11)
  3 water elementals (Shoals:1)
  A shadow (D:11)
  4 wraiths
  37 yaks
  3 wyverns
  3 basilisks
  4 steam dragons
  A fire elemental (D:15)
  8 vampire mosquitoes
  A redback simulacrum (D:15)
  2 wargs
  2 nagas (Snake:1)
  33 water moccasins
  An acid dragon (D:12)
  A floating eye (Lair:6)
  3 sky beasts
  An ice beast (shapeshifter) (D:13)
  2 ice beasts
  A black bear (Lair:2)
  31 orc warriors
  2 necrophages
  5 boggarts (D:12)
  11 wolves
  14 centaurs
  5 ogres
  2 tengu
  A gnoll sergeant (D:8)
  19 bullfrogs
  A scorpion (D:4)
  A wyvern zombie (D:7)
  2 two-headed ogre simulacra (D:12)
  A water moccasin skeleton (D:5)
  4 killer bees (D:9)
  3 wights (D:10)
  An elephant simulacrum (D:12)
  A howler monkey (D:5)
  3 electric eels
  A bullfrog zombie (D:6)
  A jelly (D:5)
  2 centaur skeletons (D:7)
  A gnoll shaman (D:8)
  15 orc priests
  3 hounds
  25 orc wizards
  4 iguanas
  A spriggan simulacrum (D:12)
  2 troll simulacra (D:12)
  A killer bee zombie (D:9)
  2 howler monkey zombies
  6 gnolls (D:8)
  8 adders
  A naga simulacrum (D:12)
  A shadow imp (D:5)
  A white imp (D:8)
  A worm (D:3)
  2 dart slugs
  88 orcs
  9 endoplasms
  13 giant cockroaches
  9 goblins
  9 hobgoblins
  6 jackals (D:1)
  4 quokkas
  4 ball pythons
  5 bats
  5 frilled lizards
  6 kobolds
  4 rats
663 creatures vanquished.

Vanquished Creatures (collateral kills)
  Rupert (D:14)
  Agnes (D:14)
  Kirke (Lair:5)
  Nessos (Lair:6)
  2 hydras (Lair:5)
  A boulder beetle (D:12)
  8 vault guards (D:14)
  A death knight (D:14)
  A centaur warrior (D:15)
  A sea snake (Shoals:1)
  A skeletal warrior (D:12)
  A wolf spider (D:15)
  A faun (Shoals:1)
  A phantasmal warrior (D:14)
  4 ugly things (D:15)
  A manticore (Lair:3)
  3 cane toads
  A tyrant leech (Lair:6)
  7 blink frogs
  4 slime creatures
  A wraith (D:14)
  A spriggan (Lair:3)
  2 water elementals
  2 yaks (Lair:5)
  6 hogs (Lair:5)
  A vampire mosquito (Lair:6)
  A water moccasin (D:6)
  A black bear (D:7)
  7 orc warriors
  An ogre (Orc:1)
  5 centaurs
  2 bullfrogs (Lair:6)
  6 killer bees (D:7)
  A gnoll shaman (D:8)
  A troll simulacrum (D:12)
  4 gnolls (D:8)
  9 orcs
93 creatures vanquished.

Vanquished Creatures (others)
  2 ugly things (D:15)
  3 fauns (Shoals:2)
  A water nymph (Shoals:1)
  2 merfolk (Shoals:2)
  A bush (Lair:2)
  55 fungi
  174 plants
238 creatures vanquished.

Grand Total: 994 creatures vanquished

Notes
Turn   | Place    | Note
-------+----------+-------------------------------------------
     0 | D:1      | dolemite99 the Demonspawn Fighter began the quest for the
                  | Orb.
     0 | D:1      | Reached XP level 1. HP: 18/18 MP: 1/1
   141 | D:1      | Gained mutation: You are partially covered in thin metallic
                  | scales. (AC +2) [demonic ancestry]
   141 | D:1      | Reached XP level 2. HP: 18/24 MP: 2/2
   589 | D:1      | Gained mutation: You are mostly covered in thin metallic
                  | scales. (AC +3) [demonic ancestry]
   589 | D:1      | Reached XP level 3. HP: 20/29 MP: 3/3
  1638 | D:2      | Reached XP level 4. HP: 32/35 MP: 4/4
  2433 | D:3      | Found a faded altar of an unknown god.
  2452 | D:3      | Became a worshipper of Nemelex Xobeh the Trickster
  2452 | D:3      | Reached * piety under Nemelex Xobeh
  3155 | D:3      | Got the Reference Book on Enchanting Feathers
  3559 | D:3      | Received a gift from Nemelex Xobeh
  3648 | D:4      | Found a broken altar of Ashenzari.
  3648 | D:4      | Noticed an ogre
  3656 | D:4      | Killed an ogre
  3657 | D:4      | Reached skill level 5 in Long Blades
  3657 | D:4      | Reached skill level 1 in Throwing
  3657 | D:4      | Gained mutation: You are completely covered in thin
                  | metallic scales. (AC +4, rElec) [demonic ancestry]
  3657 | D:4      | Reached XP level 5. HP: 21/41 MP: 5/5
  4054 | D:4      | Noticed an ogre
  4056 | D:4      | Noticed a tengu
  4056 | D:4      | an ogre changed into a tengu
  4061 | D:4      | Killed a tengu
  4062 | D:4      | Reached skill level 3 in Invocations
  4062 | D:4      | Reached XP level 6. HP: 47/47 MP: 5/8
  4626 | D:4      | Found a bloodstained altar of Trog.
  4630 | D:5      | Entered Level 5 of the Dungeon
  4630 | D:5      | Noticed an orc warrior
  4630 | D:5      | Reached ** piety under Nemelex Xobeh
  4637 | D:4      | Killed an orc warrior
  4638 | D:4      | Gained mutation: You have sharp fingernails. [demonic
                  | ancestry]
  4638 | D:4      | Reached XP level 7. HP: 43/52 MP: 9/9
  5193 | D:5      | Received a gift from Nemelex Xobeh
  5220 | D:5      | Found an ancient bone altar of Kikubaaqudgha.
  5616 | D:5      | Found a burning altar of Makhleb.
  5887 | D:5      | Reached skill level 1 in Short Blades
  6806 | D:6      | Gained mutation: You have very sharp fingernails. [demonic
                  | ancestry]
  6806 | D:6      | Reached XP level 8. HP: 58/58 MP: 10/10
  6827 | D:6      | Received a gift from Nemelex Xobeh
  7224 | D:6      | Reached skill level 4 in Invocations
  7263 | D:6      | Reached *** piety under Nemelex Xobeh
  7635 | D:6      | Reached skill level 5 in Invocations
  7643 | D:6      | Found a shimmering blue altar of Sif Muna.
  7645 | D:6      | Found a hazy altar of Hepliaklqana.
  7758 | D:7      | Reached skill level 6 in Invocations
  7856 | D:7      | Reached skill level 7 in Invocations
  7970 | D:7      | Received a gift from Nemelex Xobeh
  7993 | D:7      | Gained mutation: You regenerate a little health from kills.
                  | [demonic ancestry]
  7993 | D:7      | Reached XP level 9. HP: 36/63 MP: 14/14
  7997 | D:7      | Reached skill level 8 in Invocations
  8883 | D:7      | Identified the +1 ring mail of Card Tricks {rF+ rC+ Will+}
  9106 | D:7      | Received a gift from Nemelex Xobeh
  9613 | D:8      | Reached skill level 5 in Fighting
  9656 | D:8      | Noticed a manticore
  9659 | D:8      | Killed a manticore
  9660 | D:8      | Reached skill level 5 in Armour
  9707 | D:8      | Reached skill level 9 in Invocations
 10192 | D:8      | Gained mutation: You may rarely emit foul miasma when
                  | damaged in melee. [demonic ancestry]
 10192 | D:8      | Reached XP level 10. HP: 68/74 MP: 15/17
 10375 | D:8      | Reached **** piety under Nemelex Xobeh
 10375 | D:8      | Received a gift from Nemelex Xobeh
 10497 | D:8      | Reached skill level 10 in Invocations
 10601 | D:8      | Found an ornate altar of the Wu Jian Council.
 11481 | D:9      | Found a staircase to the Lair.
 11501 | D:9      | Reached skill level 10 in Long Blades
 11672 | D:9      | Reached skill level 11 in Invocations
 11998 | D:9      | Received a gift from Nemelex Xobeh
 12635 | D:9      | Noticed Erica
 12636 | D:9      | Noticed Erica
 12636 | D:9      | Erica changed into Erica the boulder beetle
 12640 | D:9      | Killed Erica the boulder beetle
 13088 | D:9      | Reached skill level 12 in Invocations
 13586 | D:10     | Entered Level 10 of the Dungeon
 13911 | Lair:1   | Entered Level 1 of the Lair of Beasts
 13927 | Lair:1   | Noticed a cane toad
 13929 | Lair:1   | Noticed SkeletonJelly's ghost (journeyman DrCA)
 13937 | Lair:1   | Noticed a cane toad
 13955 | Lair:1   | Killed a cane toad
 13956 | Lair:1   | Reached XP level 11. HP: 24/79 MP: 20/20
 15007 | Lair:1   | Found a runed translucent gate.
 15007 | Lair:1   | Found a runed translucent gate.
 15007 | Lair:1   | Found a runed translucent gate.
 16667 | Lair:2   | Received a gift from Nemelex Xobeh
 17800 | Lair:2   | Found a staircase to the Shoals.
 17838 | Lair:3   | Noticed a five-headed hydra
 17841 | Lair:3   | Killed a five-headed hydra
 17845 | Lair:3   | Noticed a seven-headed hydra
 17851 | Lair:3   | Killed a seven-headed hydra
 17852 | Lair:3   | Reached skill level 13 in Invocations
 17927 | Lair:2   | Reached ***** piety under Nemelex Xobeh
 17927 | Lair:2   | Received a gift from Nemelex Xobeh
 17985 | Lair:2   | Gained mutation: You punish those that try to bend your
                  | will. (Will+) [demonic ancestry]
 17985 | Lair:2   | Reached XP level 12. HP: 92/92 MP: 21/21
 19517 | Lair:3   | Received a gift from Nemelex Xobeh
 20366 | Lair:3   | Found a staircase to the Snake Pit.
 20593 | Lair:3   | Received a gift from Nemelex Xobeh
 21025 | Lair:4   | Received a gift from Nemelex Xobeh
 21046 | Lair:4   | Identified the +7 dagger "Muegoy" {elec, *Slow Str+7 Dex+2}
 21066 | Lair:4   | Noticed a catoblepas
 21071 | Lair:4   | Noticed a five-headed hydra
 21071 | Lair:4   | a catoblepas changed into a five-headed hydra
 21074 | Lair:4   | Killed a five-headed hydra
 21868 | Lair:4   | Reached skill level 14 in Invocations
 22349 | Lair:4   | Reached skill level 10 in Fighting
 22360 | Lair:4   | Found the +8 whip "Snakebite" {venom, curare, rPois}
 22561 | Lair:5   | Noticed Kirke
 22567 | Lair:5   | Identified the +5 executioner's axe "Fyshyx Zopu" {vamp,
                  | +Rage rElec}
 22572 | Lair:5   | Killed Kirke
 22573 | Lair:5   | Reached skill level 5 in Throwing
 22573 | Lair:5   | Reached XP level 13. HP: 103/103 MP: 23/23
 22787 | Lair:5   | Received a gift from Nemelex Xobeh
 23201 | Lair:5   | Found a viscous altar of Jiyva.
 23202 | Lair:5   | Found a staircase to the Slime Pits.
 24031 | Lair:5   | Received a gift from Nemelex Xobeh
 25003 | Lair:6   | Entered Level 6 of the Lair of Beasts
 25018 | Lair:5   | Reached skill level 10 in Armour
 26396 | Lair:6   | Reached skill level 15 in Invocations
 26485 | Lair:6   | Noticed a quicksilver ooze
 26485 | Lair:6   | a seven-headed hydra changed into a quicksilver ooze
 26488 | Lair:6   | Killed a quicksilver ooze
 27670 | Lair:6   | Noticed Nessos
 27679 | Lair:6   | Killed Nessos
 27741 | Lair:5   | Gained mutation: You are resistant to unholy torment.
                  | [demonic ancestry]
 27741 | Lair:5   | Reached XP level 14. HP: 74/113 MP: 25/25
 28359 | Lair:6   | Received a gift from Nemelex Xobeh
 29349 | Lair:6   | Identified the +1 spear "Xeciu" {protect, rCorr}
 29476 | Lair:6   | Received a gift from Nemelex Xobeh
 30061 | D:10     | Found a stormy altar of Qazlal.
 30369 | D:10     | Found a staircase to the Orcish Mines.
 31624 | D:12     | Received a gift from Nemelex Xobeh
 31852 | D:12     | Found a frozen archway.
 32128 | D:12     | Reached skill level 1 in Evocations
 32363 | D:12     | Reached ****** piety under Nemelex Xobeh
 32775 | Orc:1    | Entered Level 1 of the Orcish Mines
 32796 | Orc:1    | Received a gift from Nemelex Xobeh
 33525 | Orc:1    | You fall into a shaft and drop 1 floor!
 33525 | Orc:2    | Entered Level 2 of the Orcish Mines
 34461 | Orc:2    | Found a staircase to the Elven Halls.
 34538 | Orc:2    | Received a gift from Nemelex Xobeh
 34643 | Orc:2    | Reached skill level 5 in Evocations
 35596 | Orc:2    | Found Zoytwece's Armour Boutique.
 35599 | Orc:2    | Reached skill level 16 in Invocations
 35784 | Orc:2    | Found Eseiwem's General Store.
 35784 | Orc:2    | Found Widuyllo's Book Emporium.
 35786 | Orc:2    | Found Niuriuk's Weapon Shoppe.
 35788 | Orc:2    | Found Susacz Noxiq's Antique Weapon Shop.
 35800 | Orc:2    | Bought a polished hunting sling for 195 gold pieces
 35800 | Orc:2    | Identified the +0 hunting sling of Dissent {flame, Dex+4}
                  | (You bought it in a shop on level 2 of the Orcish Mines)
 35802 | Orc:2    | Bought a scroll of blinking for 120 gold pieces
 35802 | Orc:2    | Bought a scroll of teleportation for 48 gold pieces
 35810 | Orc:2    | Bought a glowing great sword for 285 gold pieces
 35912 | Orc:2    | Bought 3 boomerangs for 24 gold pieces
 35912 | Orc:2    | Bought a scroll of identify for 32 gold pieces
 36930 | D:13     | Found a gate leading to a gauntlet.
 37296 | D:13     | Noticed Maurice
 37308 | D:13     | Killed Maurice
 37925 | D:13     | You fall into a shaft and drop 1 floor!
 37939 | D:14     | Found a gate to the Vaults.
 37946 | D:14     | Gained mutation: You have claws for hands. [demonic
                  | ancestry]
 37946 | D:14     | Reached XP level 15. HP: 121/121 MP: 27/27
 37958 | D:14     | Noticed Rupert
 37967 | D:14     | Identified the -2 quarterstaff of Juka {flame, rPois Will+}
 37981 | D:14     | Killed Rupert
 38312 | D:14     | Identified the +2 leather armour "Dygippegh" {Int+2}
 38330 | D:14     | Found Neaduc's Antique Armour Shop.
 38338 | D:14     | Bought a glowing helmet for 217 gold pieces
 38338 | D:14     | Bought a pair of glowing boots for 217 gold pieces
 38338 | D:14     | Bought a glowing chain mail for 217 gold pieces
 38358 | D:14     | Received a gift from Nemelex Xobeh
 38564 | D:14     | Reached skill level 17 in Invocations
 39057 | D:14     | Noticed Agnes
 39059 | D:14     | Identified the +1 long sword of Yfuda {freeze, rN+}
 39063 | D:14     | Killed Agnes
 39993 | D:14     | Received a gift from Nemelex Xobeh
 40377 | D:15     | Entered Level 15 of the Dungeon
 40418 | D:15     | Reached skill level 10 in Evocations
 41292 | D:15     | Found a staircase to the Depths.
 42819 | D:15     | Reached skill level 18 in Invocations
 43458 | Snake:1  | Entered Level 1 of the Snake Pit
 43721 | Shoals:1 | Entered Level 1 of the Shoals
 43726 | Shoals:1 | Gained mutation: You regenerate health from kills. [demonic
                  | ancestry]
 43726 | Shoals:1 | Reached XP level 16. HP: 99/127 MP: 29/29
 44025 | Lair:2   | Reached skill level 1 in Bows
 45346 | D:13     | Received a gift from Nemelex Xobeh
 47350 | Shoals:1 | Found Rehoel's Magic Scroll Shop.
 47487 | Shoals:1 | Bought a scroll of teleportation for 51 gold pieces
 47487 | Shoals:1 | Bought a scroll of magic mapping for 59 gold pieces
 47487 | Shoals:1 | Bought a scroll of enchant armour for 127 gold pieces
 47487 | Shoals:1 | Bought a scroll of enchant weapon for 127 gold pieces
 47487 | Shoals:1 | Bought a scroll of identify for 34 gold pieces
 47487 | Shoals:1 | Bought a scroll of identify for 34 gold pieces
 47524 | Shoals:1 | Received a gift from Nemelex Xobeh
 48238 | Shoals:1 | Received a gift from Nemelex Xobeh
 48807 | Shoals:2 | Reached skill level 5 in Bows
 49055 | Shoals:2 | Found Sotud's Antique Weapon Boutique.
 49058 | Shoals:2 | Noticed Nikola
 49396 | Shoals:2 | Noticed Aizul
 51205 | Snake:1  | HP: 5/127 [constriction (3)]
 51207 | Snake:1  | HP: 2/127 [anaconda (3)]
 51207 | Snake:1  | Constricted to death by an anaconda

Illustrated notes

Levels and vault maps discovered:
D:1:      kilobyte_arrival_exit_the_forest, layout_rooms, minmay_misc_feat_five,
          interstate_on_off
D:2:      minmay_roachtagon, layout_basic
D:3:      layout_basic, shapermc_ecumenical_altar_starsandcircs, serial_rivers,
          chequers_serial_rivers_marsh, chequers_serial_rivers_micro_c,
          chequers_serial_rivers_micro_d, chequers_serial_rivers_small_3,
          chequers_serial_rivers_micro_c
D:4:      layout_cave_pools, slow_altar_2, evilmike_ruin_ashenzari,
          trog_three_pillars_becter, minmay_temple_entry_mini_moons,
          minmay_manual_monstrance
D:5:      layout_loops_ring, old_standard_altar,
          mainiacjoe_overflow_cross_hatched
D:6:      layout_basic, minitemple
D:7:      layout_rooms
D:8:      minmay_inner_zag, layout_rooms, mainiacjoe_overflow_24_doors,
          enter_ossuary_5
D:9:      layout_cave_pods, david_lair_shrubbed, uniq_erica
D:10:     layout_rooms, grunt_qazlal_clouds, orc_0_dummy
D:11:     layout_cave_pods, zin_statuary
D:12:     layout_loops_corners, portal_ice_cave_entry_ice_simulacra
D:13:     layout_loops_corners, serial_glass, glass_columns_b, glass_columns_c,
          gauntlet_entry_generic, uniq_maurice
D:14:     layout_loops_ring, erik_vaults_2, serial_shops, shop,
          grunt_decor_resistance, uniq_rupert, uniq_agnes
D:15:     hangedman_depths_entry_try_elsewhere_first, layout_loops_ring,
          nicolae_lava_and_water
Lair:1:   layout_small_grid, gammafunk_ghost_split, beast_lair_carwin_9
Lair:2:   layout_regular_city, shoals_dummy_entry, infiniplex_staircase_pool_2
Lair:3:   layout_gridlike, minmay_snake_entry_six_corridors
Lair:4:   minmay_guarded_unrand_snakebite, layout_misc_corridors,
          grunt_megastairs_3, lemuel_fruit_fields
Lair:5:   layout_cave_pods, slime_altar_1, cheibrodos_lair_reptile_den,
          uniq_kirke
Lair:6:   minmay_lair_end_frog_pond, layout_misc_corridors, enter_volcano_4,
          chequers_serial_rivers_large_a, disabler_island, uniq_nessos
Shoals:1: layout_shoals, serial_shops, nicolae_square_shop
Shoals:2: layout_shoals, serial_shops, nicolae_take_the_stairs,
          nicolae_lakefront_shop, nicolae_shop_crystal, nicolae_stop_n_shop_1,
          uniq_aizul, uniq_ilsuiw, uniq_nikola
Snake:1:  layout_concentric_octagons
Orc:1:    layout_diamond_mine
Orc:2:    st_orc_rangers, layout_caves, serial_shops,
          nicolae_shop_temple_entry_statues_fountains

Skill      XL: |  1  2  3  4  5  6  7  8  9 10 11 12 13 14 15 16 |
---------------+-------------------------------------------------+-----
Long Blades    | 2 3 5 6 7 8 9 10 12 | 12.0
Throwing       | 1 2 3 5 6 |  6.1
Invocations    | 3 7 9 12 13 14 15 16 18 | 18.1
Short Blades   | 3 |  3.4
Armour         | 5 7 9 10 11 | 11.4
Fighting       | 5 8 10 11 12 | 12.2
Evocations     | 6 11 | 11.3
Bows           | 7 |  7.8
Shields        | |  2.6

Action                   |  1- 3 |  4- 6 |  7- 9 | 10-12 | 13-15 | 16-18 || total
-------------------------+-------+-------+-------+-------+-------+-------++-------
Melee: Long sword        |   126 |   138 |   131 |    30 |       |       ||   425
       Short sword       |       |       |   185 |    79 |       |       ||   264
       Scimitar          |       |       |       |   467 |  1112 |   156 ||  1735
       Dagger            |       |       |       |    29 |       |       ||    29
 Fire: Shortbow          |       |       |       |       |       |   183 ||   183
Throw: Stone             |    27 |    36 |       |       |    15 |       ||    78
       Boomerang         |       |     9 |    79 |   169 |   169 |     1 ||   427
       Dart              |       |       |       |    67 |   133 |       ||   200
Invok: Draw Destruction  |       |     4 |     5 |    51 |    27 |    16 ||   103
       Draw Escape       |       |     1 |     1 |     2 |     7 |     6 ||    17
       Draw Summoning    |       |       |     3 |    10 |    22 |     2 ||    37
       Triple Draw       |       |       |       |       |     1 |       ||     1
       Deal Four         |       |       |       |       |       |     1 ||     1
Evoke: Wand              |       |     9 |     9 |     3 |    80 |     1 ||   102
  Use: Potion            |       |     4 |       |     3 |     5 |     2 ||    14
       Scroll            |       |     4 |     4 |    10 |    15 |     3 ||    36
 Stab: Distracted        |       |       |       |     1 |     3 |       ||     4
       Petrified         |       |       |       |       |     2 |       ||     2
       Petrifying        |       |       |       |       |     1 |       ||     1
Armor: Scale mail        |    76 |    77 |    93 |       |       |       ||   246
       Plate armour      |       |       |    92 |   366 |   289 |       ||   747
       Chain mail        |       |       |       |       |   563 |   135 ||   698
Dodge: Dodged            |    77 |    67 |    82 |   200 |   432 |    95 ||   953
       Repelled          |       |       |       |     2 |     7 |     7 ||    16
Block: Buckler           |    28 |    40 |    60 |   100 |   244 |     4 ||   476

Table legend: (Time is in decaauts)
 A = Elapsed time spent in this place.
 B = Non-inter-level travel time spent in this place.
 C = Inter-level travel time spent in this place.
 D = Time resting spent in this place.
 E = Time spent auto-exploring this place.
 F = Levels seen in this place.
 G = Mean time per level.
                   A        B        C        D        E       F      G
               +--------+--------+--------+--------+--------+-----+--------+
         Total |  51053 |  47310 |   3743 |  23532 |  15653 |  26 | 1963.6 |
       Dungeon |  26476 |  24436 |   2040 |  10775 |   9474 |  15 | 1765.1 |
          Lair |  17635 |  16323 |   1312 |   9676 |   4346 |   6 | 2939.2 |
        Shoals |   2859 |   2722 |    137 |   1655 |    603 |   2 | 1429.5 |
     Snake Pit |   1209 |   1186 |     23 |    573 |    407 |   1 | 1209.0 |
  Orcish Mines |   2872 |   2643 |    229 |    851 |    822 |   2 | 1436.0 |
               +--------+--------+--------+--------+--------+-----+--------+

Top non-repeatable levels by time:
  Lair:5: 5143 daAuts
  Lair:2: 4099 daAuts
     D:9: 3562 daAuts
    D:15: 2936 daAuts
Shoals:1: 2813 daAuts
  Lair:1: 2701 daAuts
    D:14: 2605 daAuts
  Lair:6: 2147 daAuts
    D:12: 2038 daAuts
   Orc:2: 2035 daAuts
  Lair:3: 1943 daAuts
     D:3: 1859 daAuts
     D:7: 1704 daAuts
    D:13: 1668 daAuts
     D:5: 1612 daAuts
